 Dungeon Crawl Stone Soup version 0.27-a0-328-g7f782ed93a (webtiles) character file.

Game seed: 11373127848953747182

7 hehateme the Grave Robber (level 1, 0/14 HPs)
             Began as a Mummy Necromancer on Feb 11, 2021.
             Slain by an adder (2 damage)
             ... on level 2 of the Dungeon.
             The game lasted 00:01:53 (446 turns).

hehateme the Grave Robber (Mummy Necromancer)        Turns: 446, Time: 00:01:54

Health: 0/14       AC:  3    Str: 11    XL:     1   Next: 91%
Magic:  0/4        EV: 12    Int: 14    God:
Gold:   18         SH:  0    Dex: 12    Spells: 3/5 levels left

rFire    x . .     SeeInvis .   b - +0 dagger
rCold    + . .     Faith    .   (no shield)
rNeg     + + +     Spirit   .   a - +0 robe
rPois    ∞         Reflect  .   d - +0 helmet
rElec    .         Harm     .   (no cloak)
rCorr    .         Rampage  .   (no gloves)
Will     .....                  (no boots)
Stlth    ++........             (no amulet)
HPRegen  0.04/turn              (no ring)
MPRegen  0.09/turn              (no ring)

@: no status effects
A: no potions, fire vulnerability, cold resistance 1, negative energy resistance
3, torment resistance, unbreathing
a: no special abilities


You were on level 2 of the Dungeon.
You visited 1 branch of the dungeon, and saw 2 of its levels.

You collected 18 gold pieces.

Inventory:

Hand Weapons
 b - a +0 dagger (weapon)
Missiles
 Q - 23 stones
Armour
 a - a +0 robe (worn)
 d - a +0 helmet (worn)
Scrolls
 c - a scroll of amnesia {unknown}


   Skills:
 + Level 0.4 Fighting
 - Level 1.5 Dodging
 + Level 1.7 Stealth
 + Level 2.8 Spellcasting
 * Level 4.1 Necromancy


You had 3 spell levels left.
You knew the following spells:

 Your Spells              Type           Power        Failure   Level
a - Pain                  Necr           52%          4%          1
A - Animate Skeleton      Necr           26%          4%          1

Your spell library contained the following spells:

 Spells                   Type           Power        Failure   Level
 Vampiric Draining        Necr           6%           12%         3
 Animate Dead             Necr           6%           36%         4
 Agony                    Necr           13%          73%         5


Dungeon Overview and Level Annotations

Branches:
Dungeon (1/15)

Altars:


Innate Abilities, Weirdness & Mutations

You do not drink.
Your flesh is vulnerable to fire.
You are immune to poison.
Your flesh is cold resistant. (rC+)
You are immune to negative energy. (rN+++)
You are immune to unholy pain and torment.
You can survive without breathing.


Message History

You now have 1/4 mp.
Aim: an adder (chance to affect: 77%)
The adder writhes in agony.
* * * LOW MAGIC WARNING * * *
The adder bites you.
You take 3 damage, and have 11/14 hp.
GAME OVER YEAH!!
You now have 0/4 mp.
Unknown command.
You closely miss the adder. The adder closely misses you.
You hit the adder but do no damage. The adder closely misses you.
Unknown command.
You hit the adder but do no damage. The adder closely misses you. x2
You closely miss the adder. The adder misses you.
You completely miss the adder. The adder bites you.
You take 1 damage, and have 10/14 hp.
You closely miss the adder. The adder closely misses you.
The adder bites you but does no damage.
You hit the adder but do no damage. The adder bites you.
* * * LOW HITPOINT WARNING * * *
You take 5 damage, and have 5/14 hp.
GAME OVER YEAH!!
Aim: an adder (lightly wounded, chance to affect: 77%)
The adder writhes in agony.
* * * LOW MAGIC WARNING * * *
The adder misses you.
You now have 0/4 mp.
You closely miss the adder. The adder barely misses you. The adder bites you.
* * * LOW HITPOINT WARNING * * *
You take 3 damage, and have 2/14 hp.
GAME OVER YEAH!!
Okay, then.
Unknown command.
Sorry, you're not good enough to have a special ability.
Unknown command.
You closely miss the adder. The adder closely misses you.
You hit the adder. The adder closely misses you.
You closely miss the adder. The adder bites you.
You die...

........# ######### .###
# ... # ..# #### ..#
...#### ##..# .......
###.####...# ...###
...!.)...#.####.# #.##
###.###S@>....... ...##
#.....#.#####.# ....##
##########.#####.#
.....###...........!....#
.......#.########.#######
.....#.#.# #.#
....##.#.###### #.#
...###............#
.........##########

Notes
Turn   | Place    | Note
-------+----------+-------------------------------------------
     0 | D:1      | hehateme the Mummy Necromancer began the quest for the Orb.
     0 | D:1      | Reached XP level 1. HP: 13/13 MP: 4/4
    79 | D:1      | You fall into a shaft and drop 1 floor!
   106 | D:2      | Learned a level 1 spell: Animate Skeleton
   443 | D:2      | HP: 2/14 [adder (3)]
   446 | D:2      | Slain by an adder

Table legend: (Time is in decaauts)
 A = Elapsed time spent in this place.
 B = Non-inter-level travel time spent in this place.
 C = Inter-level travel time spent in this place.
 D = Time resting spent in this place.
 E = Time spent auto-exploring this place.
 F = Levels seen in this place.
 G = Mean time per level.
                   A        B        C        D        E       F      G
               +--------+--------+--------+--------+--------+-----+--------+
         Total |    445 |    445 |      0 |    115 |    221 |   2 |  222.5 |
       Dungeon |    445 |    445 |      0 |    115 |    221 |   2 |  222.5 |
               +--------+--------+--------+--------+--------+-----+--------+

Top non-repeatable levels by time:
     D:2: 366 daAuts
     D:1: 79 daAuts

Table legend:
 A = Kills in this place as a percentage of kills in entire the game.
 B = Kills by you in this place as a percentage of kills by you in the entire game.
 C = Kills by friends in this place as a percentage of kills by friends in the entire game.
 D = Other kills in this place as a percentage of other kills in the entire game.
 E = Experience gained in this place as a percentage of experience gained in the entire game.
 F = Experience gained in this place divided by the number of levels of this place that you have seen.
                   A       B       C       D       E      F
               +-------+-------+-------+-------+-------+----------------------
         Total | 100.0 | 100.0 |   N/A |   N/A | 100.0 |   5.5
       Dungeon | 100.0 | 100.0 |   N/A |   N/A | 100.0 |   5.5
               +-------+-------+-------+-------+-------+----------------------

Action                   || total
-------------------------++-------
Melee: Dagger            ||    17
 Cast: Pain              ||    18
       Animate Skeleton  ||     2
Armor: Robe              ||     2
Dodge: Dodged            ||    16

Vanquished Creatures
  A leopard gecko (D:2)
  3 goblins
  A kobold (D:2)
  A rat (D:1)
6 creatures vanquished. You could see an adder.

Levels and vault maps discovered:
D:1:      eino_arrival_cavern_c, layout_basic
D:2:      layout_loops_ring, kennysheep_generic_room_14
